 Dungeon Crawl Stone Soup version 0.23-a0-625-g1d2cd9b (console) character file.

1 Duffy the Sneak (level 1, 0/15 HPs)
             Began as a Naga Wizard on Dec 24, 2018.
             Slain by a leopard gecko (1 damage)
             ... on level 1 of the Dungeon.
             The game lasted 00:00:12 (21 turns).

Duffy the Sneak (Naga Wizard)                         Turns: 21, Time: 00:00:13

Health: 0/15       AC:  1    Str:  9    XL:     1   Next: 20%
Magic:  1/4        EV: 10    Int: 18    God:
Gold:   0          SH:  0    Dex:  9    Spells: 5/6 levels left

rFire    . . .     SeeInvis +   (no weapon)
rCold    . . .     Gourm    .   (no shield)
rNeg     . . .     Faith    .   a - +0 robe
rPois    +         Spirit   .   b - +0 hat
rElec    .         Reflect  .   (no cloak)
rCorr    .         Harm     .   (no gloves)
MR       .....                  (no barding)
Stlth    ++........             (no amulet)
HPRegen  0.05/turn              (no ring)
MPRegen  0.09/turn              (no ring)

@: very slow
A: large, see invisible, deformed body, poison resistance, slowness 2, slow
metabolism 1, spit poison 1, AC +0
a: Spit Poison


You were on level 1 of the Dungeon.
You were not hungry.

You visited 1 branch of the dungeon, and saw 1 of its levels.

Inventory:

Armour
 a - a +0 robe (worn)
 b - a +0 hat (worn)
Comestibles
 d - a ration


   Skills:
 - Level 1.5 Dodging
 - Level 3.0 Stealth
 + Level 3.0 Spellcasting
 + Level 1.1 Conjurations
   Level 1.0 Summonings
   Level 1.0 Translocations


You had 5 spell levels left.
You knew the following spells:

 Your Spells              Type           Power        Failure   Level  Hunger
h - Magic Dart            Conj           #...         11%         1    None

Your spell library contained the following spells:

 Spells                   Type           Power        Failure   Level  Hunger
 Blink                    Tloc           N/A          16%         2    ##.....
 Call Imp                 Summ           #.......     16%         2    ##.....
 Slow                     Hex            #.......     24%         2    ##.....
 Conjure Flame            Conj/Fire      #.......     36%         3    ###....
 Mephitic Cloud           Conj/Pois/Air  #.......     38%         3    ###....


Dungeon Overview and Level Annotations

Branches:
Dungeon (1/15)

Altars:


Innate Abilities, Weirdness & Mutations

You cannot wear boots.
Your serpentine skin is tough. (AC +0)
You have supernaturally acute eyesight. (SInv)
Armour fits poorly on your strangely shaped body.
Your system is resistant to poisons. (rPois)
You cover ground very slowly.
You have a slow metabolism.
You can spit poison.


Message History

The splash of poison misses the leopard gecko.
The splash of poison misses the kobold.
You feel slightly more hungry. The leopard gecko bites you.
The leopard gecko barely misses you.
The leopard gecko bites you but does no damage.
The kobold throws a stone.
The stone hits you. The leopard gecko barely misses you.
You see here a stone.
The leopard gecko barely misses you.
The leopard gecko hisses menacingly.
The leopard gecko barely misses you. The kobold barely misses you.
The leopard gecko closely misses you.
There is a large open door here.
You enter the shallow water.
Moving in this stuff is going to be slow.
You have got your breath back.
The leopard gecko bites you. x2; The leopard gecko closely misses you.
The leopard gecko bites you.
Found a scroll labeled LACIAT TAJIN.
The leopard gecko closely misses you. The leopard gecko bites you.
You die...

###########.....
#~~~0~~~~~~(....
#~8~~~~~~8~.....
#~~8~~~~8~~.....
#00~####~~0.....
#0~0#<.'~0~..##
#000#.('0~~...##
#~~~####ll~....#
...~~8~~~@8~~....#
...~8~~~~~~8~....#
...~~~~~~~~~~.....
.................#
#########........#
.........#
..?......#
..>......


You could see 2 leopard geckos.

Vanquished Creatures
  A kobold (D:1)
1 creature vanquished.

Notes
Turn   | Place    | Note
-------+----------+-------------------------------------------
     0 | D:1      | Duffy the Naga Wizard began the quest for the Orb.
     0 | D:1      | Reached XP level 1. HP: 15/15 MP: 4/4
    21 | D:1      | Slain by a leopard gecko

Vault maps used:
D:1:      lightli_arrival_boilingwater

Action                   || total
-------------------------++-------
 Cast: Magic Dart        ||     5
 Abil: Spit Poison       ||     2
Armor: Robe              ||     1
Dodge: Dodged            ||    10

Table legend:
 A = Non-vault XP
 B = Vault XP
 C = Vault XP percentage of total XP
 D = Non-vault monster count
 E = Vault monster count
 F = Vault count percentage of total count
                 A         B        C        D         E       F
            +---------+---------+-------+---------+---------+-------
      Total |       2 |       0 |   0.0 |       1 |       0 |   0.0
            +---------+---------+-------+---------+---------+-------
        D:1 |       2 |       0 |   0.0 |       1 |       0 |   0.0
            +---------+---------+-------+---------+---------+-------
